 Dungeon Crawl Stone Soup version 0.21.1-1-g345015fe64 (webtiles) character file.

163 Hercules1031 the Grave Robber (level 5, -2/35 HPs)
             Began as a Mummy Necromancer on June 19, 2018.
             Slain by a gnoll zombie (5 damage)
             ... in an ossuary.
             The game lasted 00:15:00 (2598 turns).

Hercules1031 the Grave Robber (Mummy Necromancer)   Turns: 2598, Time: 00:15:00

Health: -2/35      AC:  4    Str: 11    XL:     5   Next: 20%
Magic:  11/12      EV: 12    Int: 16    God:
Gold:   115        SH:  0    Dex: 12    Spells: 5/13 levels left

rFire    x . .     SeeInvis .   l - +0 rapier
rCold    + . .     Gourm    .   (no shield)
rNeg     + + +     Faith    .   h - +0 leather armour
rPois    ∞         Spirit   .   j - +0 helmet
rElec    .         Reflect  .   (no cloak)
rCorr    .         Harm     .   (no gloves)
MR       .....                  (no boots)
Stlth    +.........             (no amulet)
HPRegen  0.11/turn              (no ring)
MPRegen  0.13/turn              (no ring)

@: no status effects
A: no food or potions, fire vulnerability, cold resistance 1, negative energy
resistance 3, torment resistance, unbreathing
a: no special abilities


You were in an ossuary.
You were not hungry.

You visited 1 branch of the dungeon, and saw 4 of its levels.
You also visited: Ossuary.

You collected 115 gold pieces.

Inventory:

Hand Weapons
 l - a +0 rapier (weapon)
Missiles
 k - 5 tomahawks of returning (quivered)
Armour
 a - a +0 robe
 f - a +0 ring mail
 h - a +0 leather armour (worn)
 j - a +0 helmet (worn)
Wands
 n - a wand of acid (8)
Scrolls
 c - 3 scrolls of identify
 d - a scroll of remove curse
 g - a scroll of enchant armour {unknown}
 i - a scroll of teleportation {unknown}
 m - a scroll of blinking {unknown}
Books
 b - a book of Necromancy

   Spells                             Type                      Level
   a - Pain                           Necromancy                   1
   b - Animate Skeleton               Necromancy                   1
   c - Vampiric Draining              Necromancy                   3
   d - Regeneration                   Charms/Necromancy            3
   e - Animate Dead                   Necromancy                   4
   f - Borgnjor's Vile Clutch         Necromancy/Earth             5


   Skills:
 + Level 0.9 Short Blades
 - Level 0.4 Armour
 + Level 2.3 Dodging
 - Level 1.5 Stealth
 * Level 4.8 Spellcasting
 * Level 4.8 Necromancy


You had 5 spell levels left.
You knew the following spells:

 Your Spells              Type           Power        Failure   Level  Hunger
a - Pain                  Necr           ###.         2%          1    N/A
b - Vampiric Draining     Necr           ###.......   9%          3    N/A
c - Animate Dead          Necr           N/A          28%         4    N/A

Dungeon Overview and Level Annotations

Branches:
Dungeon (4/15)
 Temple: D:4-7

Altars:
Trog


Innate Abilities, Weirdness & Mutations

You do not eat or drink.
Your flesh is vulnerable to fire.
You are immune to poison.
Your flesh is cold resistant. (rC+)
You are immune to negative energy. (rN+++)
You are immune to unholy pain and torment.
You can survive without breathing.


Message History

You barely miss the gnoll zombie.
The gnoll zombie is moderately damaged.
The gnoll zombie completely misses you.
You barely miss the gnoll zombie.
The gnoll zombie is moderately damaged.
The gnoll zombie closely misses you.
You hit the gnoll zombie.
The gnoll zombie is moderately damaged.
You puncture the gnoll zombie!
The gnoll zombie is severely damaged.
The gnoll zombie barely misses you.
You puncture the gnoll zombie!
You destroy the gnoll zombie!
You barely miss the gnoll zombie. The gnoll zombie hits you.
* * * LOW HITPOINT WARNING * * *
You barely miss the gnoll zombie. The gnoll zombie hits you.
* * * LOW HITPOINT WARNING * * *
Your leather armour prevents you from hitting the gnoll zombie.
The gnoll zombie hits you.
You die...

#...8...#
#.......#
##8...8##
#.......#
#...8...#
#...#...# #
######'##
#...#...#...#
#...8..ZZ@^.#
#.......#...#
##8...8######
#...... #M!?#
#...8.. #=..#
#...#.. #!??#
####### ##+##


You could see a mummy, a goblin zombie and a gnoll zombie.

Vanquished Creatures
  A scorpion (Ossuary)
  A big kobold zombie (Ossuary)
  An adder (D:2)
  An ooze (D:1)
  A worm (D:2)
  A dart slug (D:1)
  5 leopard geckos
  2 orcs (D:3)
  9 bats
  5 giant cockroaches
  A gnoll zombie (Ossuary)
  10 goblins
  9 hobgoblins
  4 jackals (D:3)
  2 kobolds
  3 quokkas
  A ball python (D:2)
  6 frilled lizards
  2 kobold zombies (Ossuary)
  A leopard gecko skeleton (D:4)
  6 rats
72 creatures vanquished.

Notes
Turn   | Place    | Note
-------+----------+-------------------------------------------
     0 | D:1      | Hercules1031 the Mummy Necromancer began the quest for the Orb.
     0 | D:1      | Reached XP level 1. HP: 13/13 MP: 4/4
   267 | D:1      | Reached XP level 2. HP: 14/19 MP: 0/6
   714 | D:1      | Reached XP level 3. HP: 24/24 MP: 0/8
   811 | D:1      | Learned a level 3 spell: Vampiric Draining
  1399 | D:2      | Reached XP level 4. HP: 30/30 MP: 7/10
  1870 | D:3      | Learned a level 4 spell: Animate Dead
  1961 | D:3      | Found a bloodstained altar of Trog.
  2509 | D:4      | Found a sand-covered staircase.
  2514 | Ossuary  | Entered an ossuary
  2588 | Ossuary  | Reached XP level 5. HP: 7/35 MP: 9/12
  2598 | Ossuary  | Slain by a gnoll zombie

Skill      XL: |  1  2  3 |
---------------+----------+-----
Spellcasting   | 3 4 |  4.8
Dodging        | 2 |  2.3
Short Blades   | |  0.9
Armour         | |  0.4
Stealth        | |  1.5
Necromancy     | |  4.8

Action                   |  1- 3 |  4- 6 || total
-------------------------+-------+-------++-------
Melee: Unarmed           |    58 |       ||    58
       Rapier            |       |    51 ||    51
 Cast: Pain              |    80 |    40 ||   120
  Use: Scroll            |     3 |     1 ||     4
 Stab: Sleeping          |     1 |       ||     1
Armor: Robe              |    12 |       ||    12
       Ring mail         |    13 |       ||    13
       Leather armour    |     4 |    16 ||    20
Dodge: Dodged            |    52 |    29 ||    81
